 Dungeon Crawl Stone Soup version 0.19-a0-1682-g5114f93 (webtiles) character file.

46045 HungrySpirit the Covert (level 14, -1/90 HPs)
             Began as an Octopode Assassin on Sept 24, 2016.
             Was a High Priest of Okawaru.
             Killed from afar by a lindwurm (34 damage)
             ... with a blast of flame
             ... on level 13 of the Dungeon.
             The game lasted 00:47:55 (25040 turns).

HungrySpirit the Covert (Octopode Assassin)        Turns: 25040, Time: 00:47:56

Health: -1/90      AC:  4    Str: 11    XL:     14   Next: 35%
Magic:  33/33      EV: 24    Int: 14    God:    Okawaru [*****.]
Gold:   1462       SH:  5    Dex: 17    Spells: 0 memorised, 13 levels left

rFire  . . .     SeeInvis .     K - +2 rapier (venom)
rCold  + . .     Gourm    .     o - +0 buckler
rNeg   . . .     Faith    .     I - +2 hat {MR+}
rPois  .         Spirit   .     d - amulet of regeneration
rElec  .         Dismiss  .     B - ring of resist corrosion
rCorr  +         Reflect  .     n - ring of stealth
MR     ++...     Harm     .     G - ring of magical power
Stlth  +++++++++.               y - ring of magical power
                                m - ring of protection from cold
                                (no ring)
                                (no ring)
                                (no ring)

@: flying
A: almost no armour, stealthy swim, amphibious, 8 rings, constrict 8, camouflage
1, gelatinous body 1
a: Heroism, Finesse, Renounce Religion


You were on level 13 of the Dungeon.
You worshipped Okawaru.
Okawaru was extremely pleased with you.
You were not hungry.

You visited 3 branches of the dungeon, and saw 19 of its levels.

You collected 1462 gold pieces.

Inventory:

Hand Weapons
 l - a +2 dagger of venom
 K - a +2 rapier of venom (weapon)
Armour
 o - a +0 buckler (worn)
 I - a +2 hat of magic resistance (worn)
Jewellery
 d - an amulet of regeneration (around mantle)
 m - a ring of protection from cold (on tentacle)
 n - a ring of stealth (right tentacle)
 y - a ring of magical power (on tentacle)
 B - a ring of resist corrosion (left tentacle)
 C - an uncursed ring of fire
 G - a ring of magical power (on tentacle)
 J - an uncursed amulet of guardian spirit
Wands
 A - a wand of acid (0/15)
 M - a wand of iceblast (6/15)
 N - a wand of teleportation (5/9)
 O - a wand of iceblast (1/15)
Scrolls
 a - a scroll of magic mapping
 b - 3 scrolls of recharging
 c - a scroll of enchant weapon
 i - 4 scrolls of enchant armour
 j - 3 scrolls of amnesia
 u - 2 scrolls of fog
 w - 5 scrolls of remove curse
 D - 4 scrolls of identify
 P - a scroll of teleportation
Potions
 g - 3 potions of lignification
 p - 3 potions of brilliance
 q - 3 potions of flight
 r - 2 potions of cancellation
 s - 6 potions of curing
 v - a potion of resistance
 x - a potion of berserk rage
 z - a potion of agility
 E - 2 potions of cure mutation
 F - 2 potions of magic
 H - 2 potions of might
 L - a potion of ambrosia
Books
 e - a book of Geomancy

   Spells                             Type                      Level
   a - Sandblast                      Earth                        1
   b - Passwall                       Transmutation/Earth          2
   c - Stone Arrow                    Conjuration/Earth            3
   d - Petrify                        Transmutation/Earth          4
   e - Lee's Rapid Deconstruction     Earth                        5
Comestibles
 f - 12 bread rations
 h - 9 fruits
 k - 4 meat rations
 t - 7 beef jerkies
 Q - a chunk of flesh


   Skills:
 + Level 6.9 Fighting
 * Level 14.5 Short Blades
 - Level 2.0 Throwing
 * Level 14.3 Dodging
 + Level 14.9 Stealth
 + Level 3.6 Shields
 + Level 2.1 Invocations


You had 13 spell levels left.
You didn't know any spells.

Dungeon Overview and Level Annotations

Branches:
Dungeon (13/15)            Temple (0/1) D:4            Lair (4/6) D:9
  Snake (0/4) Lair:2          Orc (2/2) D:9             Elf (0/3) Orc:2
 Vaults (0/5) D:13
  Swamp: Lair:2-4    Shoals: Lair:2-4

Altars:
Ashenzari
Cheibriados
Elyvilon
Fedhas
Hepliaklqana
Makhleb
Okawaru
Ru
Vehumet
Xom
Yredelemnul

Shops:
D:10 [   Orc:2 *[(

Annotations:
D:4 Potsanchik's ghost, amateur DEGl
D:10 Kalmarka's ghost, novice VSFi
Lair:2 exclusion: 3 oklob plants
Lair:4 Sonja


Innate Abilities, Weirdness & Mutations

You cannot wear most types of armour.
You are very stealthy in the water.
You are amphibious.
You can wear up to eight rings at the same time.
You can use your tentacles to constrict eight enemies at once.
Your skin changes colour to match your surroundings (Stealth+).
Your rubbery body absorbs attacks. (AC +1, EV +1)


Message History

Found eight items.
Found an escape hatch in the floor.
The helpless lindwurm fails to defend itself.
You skewer the lindwurm like a kebab!!!!
You kill the lindwurm!
Okawaru accepts your kill. The lindwurm breathes flames at you.
The blast of flame hits you!
The lindwurm roars! x2
You see here 24 arrows.
You hit the lindwurm but do no damage.
You hear a shout!
The lindwurm completely misses you. The lindwurm claws you.
The lindwurm misses you. The lindwurm breathes flames at you.
The blast of flame hits you! The lindwurm breathes flames at you.
The blast of flame hits you! The lindwurm breathes flames at you.
The blast of flame hits you!
You die...

.≈≈≈§≈..####..≈≈≈§≈....... ≈§≈
#.$=.#.§§§≈≈....##.
##..§≈≈≈§.##(>[%##.≈§§§≈...##.
##...§§≈§≈§##!}|k##.§§≈§≈..###.
##.....§§§≈§.#.(k.#..§§§≈.......
##......≈≈§§§..####k.≈§§§≈.......
#.......≈≈≈≈≈...##k..≈§≈§≈...###.
.........≈≈≈§≈§.§..≈≈≈≈§§....# #.
.........≈§≈§§§§@≈≈§≈≈≈≈≈...#.##.
..........≈≈§§§§§§≈§≈≈≈≈...###...
...)[......§§§§§§≈≈§≈≈≈....# #...
...........§.§≈≈≈§§§≈.....## ##..
.###)........§§.≈§.§......####...
## ##..<.....§.§.................
#....#####.§###..)...##..#...
##.### ##.###..#..####.##..
#..######).....##.## #.###.


You could see 2 lindwurms.

Vanquished Creatures
  Gastronok (Orc:1)
  Fannar (D:11)
  2 vault guards (D:13)
  5 hydras
  Urug (D:11)
  Nergalle (D:12)
  3 skeletal warriors (D:12)
  The ghost of Cenon the Martial Artist, a novice DgTm (D:7)
  A lindwurm (D:13)
  An orc knight (Orc:1)
  3 hill giants
  A deep elf mage (D:11)
  2 cyclopes
  An ugly thing (D:7)
  A centaur zombie (D:10)
  A guardian serpent (D:12)
  A black mamba (Lair:3)
  A torpor snail (Lair:2)
  8 spiny frogs
  2 gargoyles (D:11)
  4 rime drakes
  A redback zombie (D:12)
  6 komodo dragons
  3 trolls
  2 two-headed ogres
  Prince Ribbit (D:5)
  10 blink frogs
  12 hippogriffs
  A wraith (D:13)
  Sigmund (D:5)
  2 spriggans
  A wyvern (D:8)
  52 yaks
  A basilisk (Lair:3)
  3 vampire mosquitoes (D:13)
  A hungry ghost (D:9)
  2 nagas (Lair:2)
  Edmund (D:5)
  A warg (Orc:1)
  8 water moccasins
  4 porcupines
  10 orc warriors
  5 ice beasts
  A wasp (Lair:2)
  An eye of draining (D:11)
  A necrophage (D:7)
  3 black bears
  A phantom (D:10)
  12 wolves
  7 ogres
  4 crocodiles
  3 centaurs
  2 big kobolds
  A gnoll sergeant (D:9)
  13 bullfrogs
  6 scorpions
  7 wights
  A howler monkey (D:4)
  7 crimson imps
  A quasit (D:13)
  4 hounds
  7 jellies
  10 orc priests
  A bullfrog zombie (D:13)
  Crazy Yiuf (D:3)
  5 centaur skeletons
  8 orc wizards
  3 bullfrog skeletons
  5 iguanas
  8 worker ants
  A hound zombie (D:9)
  A worker ant zombie (D:10)
  7 gnolls
  16 adders
  31 river rats
  4 shadow imps
  12 white imps
  An adder zombie (D:7)
  An adder skeleton (D:7)
  3 worms
  7 leopard geckos
  40 orcs
  8 bats
  4 giant cockroaches
  3 goblins
  A hobgoblin (D:1)
  13 jackals
  2 quokkas
  3 ball pythons
  A ball python zombie (D:6)
  2 frilled lizards
  16 kobolds
  A leopard gecko skeleton (D:7)
  A quokka skeleton (D:4)
  4 rats (D:1)
476 creatures vanquished.

Vanquished Creatures (collateral kills)
  A hydra (Lair:2)
1 creature vanquished.

Vanquished Creatures (others)
  7 bushes (Lair:2)
  8 fungi
  20 plants
35 creatures vanquished.

Grand Total: 512 creatures vanquished

Notes
Turn   | Place    | Note
-------+----------+-------------------------------------------
     0 | D:1      | HungrySpirit the Octopode Assassin began the quest for the Orb.
     0 | D:1      | Reached XP level 1. HP: 14/14 MP: 1/1
   305 | D:1      | Reached XP level 2. HP: 19/19 MP: 2/2
   693 | D:2      | Found an iron altar of Okawaru.
   730 | D:2      | Found a radiant altar of Vehumet.
   769 | D:2      | Became a worshipper of Warmaster Okawaru
   889 | D:2      | Reached XP level 3. HP: 24/24 MP: 3/3
  1168 | D:2      | Found a snail-covered altar of Cheibriados.
  1169 | D:2      | Found a basalt altar of Yredelemnul.
  1169 | D:2      | Found a shattered altar of Ashenzari.
  1465 | D:3      | Reached XP level 4. HP: 24/29 MP: 4/4
  1601 | D:3      | Found a runed door.
  1662 | D:3      | Noticed Crazy Yiuf
  1666 | D:3      | Killed Crazy Yiuf
  1705 | D:3      | Found a shimmering altar of Xom.
  1706 | D:3      | Found a hazy altar of Hepliaklqana.
  1706 | D:3      | Noticed a tentacled monstrosity
  1707 | D:3      | Noticed a tentacled monstrosity
  1707 | D:3      | Noticed a spectral ugly thing
  1920 | D:4      | Reached XP level 5. HP: 20/34 MP: 5/5
  1949 | D:4      | Noticed Potsanchik's ghost (amateur DEGl)
  2526 | D:4      | Found a burning altar of Makhleb.
  2546 | D:4      | Reached XP level 6. HP: 39/39 MP: 6/6
  2737 | D:4      | Found a staircase to the Ecumenical Temple.
  3049 | D:4      | Reached * piety under Okawaru
  3149 | D:5      | Entered Level 5 of the Dungeon
  3176 | D:5      | Found a sacrificial altar of Ru.
  3177 | D:5      | Noticed Sigmund
  3180 | D:5      | Killed Sigmund
  3180 | D:5      | Reached skill level 5 in Short Blades
  3180 | D:5      | Reached XP level 7. HP: 45/45 MP: 7/7
  3543 | D:5      | Noticed Prince Ribbit
  3553 | D:5      | Killed Prince Ribbit
  3553 | D:5      | Reached ** piety under Okawaru
  3553 | D:5      | Reached skill level 5 in Dodging
  3703 | D:5      | Reached XP level 8. HP: 46/50 MP: 8/8
  3752 | D:5      | Found a shattered altar of Ashenzari.
  3761 | D:5      | Noticed Edmund
  3763 | D:5      | Killed Edmund
  4656 | D:6      | Reached *** piety under Okawaru
  5005 | D:5      | Received a gift from Okawaru
  5005 | D:5      | Reached XP level 9. HP: 33/54 MP: 9/9
  5506 | D:7      | Noticed a purple ugly thing
  5510 | D:7      | Killed a purple ugly thing
  5760 | D:7      | Noticed Cenon's ghost (novice DgTm)
  5840 | D:7      | Killed Cenon's ghost
  5840 | D:7      | Reached **** piety under Okawaru
  5972 | D:6      | Reached skill level 10 in Stealth
  6327 | D:7      | Reached XP level 10. HP: 54/60 MP: 10/10
  6616 | D:8      | Found a white marble altar of Elyvilon.
  6690 | D:8      | Noticed an eight-headed hydra
  6860 | D:8      | Reached ***** piety under Okawaru
  6880 | D:8      | Found an iron altar of Okawaru.
  6889 | D:8      | Received a gift from Okawaru
  7114 | D:8      | Reached skill level 10 in Short Blades
  7259 | D:8      | Found a flagged portal.
  7976 | D:9      | Found a blossoming altar of Fedhas.
  8338 | D:9      | Reached skill level 10 in Dodging
  8695 | D:9      | Reached XP level 11. HP: 64/64 MP: 11/11
  9237 | D:9      | Found a staircase to the Lair.
  9281 | D:9      | Found a staircase to the Orcish Mines.
  9403 | D:10     | Entered Level 10 of the Dungeon
  9580 | D:10     | Found Ynelesinif's Armour Emporium.
  9605 | D:10     | Noticed Kalmarka's ghost (novice VSFi)
 10270 | D:10     | Noticed a hill giant
 10276 | D:10     | Killed a hill giant
 10276 | D:10     | Received a gift from Okawaru
 10810 | D:11     | Noticed a four-headed hydra
 10815 | D:11     | Killed a four-headed hydra
 10816 | D:11     | Noticed a deep elf mage
 10823 | D:11     | Killed a deep elf mage
 10852 | D:11     | Noticed a cyclops
 10858 | D:11     | Killed a cyclops
 11201 | D:11     | Noticed a hill giant
 11308 | Lair:1   | Entered Level 1 of the Lair of Beasts
 11509 | Lair:1   | Received a gift from Okawaru
 11527 | Lair:1   | Reached XP level 12. HP: 44/72 MP: 12/12
 11664 | Lair:1   | Noticed a four-headed hydra
 11671 | Lair:1   | Killed a four-headed hydra
 13195 | Lair:2   | Noticed a spriggan rider
 13329 | Lair:2   | Received a gift from Okawaru
 14851 | Lair:2   | Found a staircase to the Snake Pit.
 15215 | Lair:2   | Noticed a five-headed hydra
 15232 | Lair:2   | Killed a five-headed hydra
 15476 | Lair:2   | Noticed a seven-headed hydra
 15977 | Lair:2   | Killed a seven-headed hydra
 15977 | Lair:2   | Reached skill level 5 in Fighting
 15977 | Lair:2   | Reached XP level 13. HP: 73/81 MP: 13/13
 18082 | Lair:3   | Received a gift from Okawaru
 18489 | Lair:3   | Reached ****** piety under Okawaru
 20223 | Lair:4   | Noticed Sonja
 20519 | Orc:1    | Entered Level 1 of the Orcish Mines
 20873 | Orc:1    | Noticed Gastronok
 20999 | Orc:1    | Killed Gastronok
 20999 | Orc:1    | Received a gift from Okawaru
 20999 | Orc:1    | Reached skill level 1 in Shields
 21695 | Orc:2    | Entered Level 2 of the Orcish Mines
 21697 | Orc:2    | Noticed an ettin
 21706 | Orc:2    | Noticed an ettin
 21728 | Orc:2    | Found Kayntari's General Store.
 21729 | Orc:2    | Noticed a stone giant
 21735 | Orc:2    | Found Ismyr's Antique Armour Shop.
 21818 | Orc:2    | Found Maxkagych's Antique Weapon Shoppe.
 22503 | D:11     | Noticed Urug
 22509 | D:11     | Noticed Fannar
 22521 | D:11     | Killed Urug
 22527 | D:11     | Killed Fannar
 23058 | D:12     | Reached XP level 14. HP: 90/90 MP: 14/14
 23081 | D:12     | Noticed Nergalle
 23089 | D:12     | Killed Nergalle
 23566 | D:12     | Reached skill level 1 in Invocations
 24562 | D:13     | Found a gate to the Vaults.
 24814 | D:13     | Received a gift from Okawaru
 25040 | D:13     | Killed from afar by a lindwurm

Vault maps used:
D:1:      evilmike_arrival_fibonacci_small
D:2:      lemuel_round_altar, lemuel_crystal_altar, minitemple
D:3:      regret_index_temple_of_mockery, first_bread, uniq_crazy_yiuf_cottage
D:4:      makhleb_grotto_becter, kennysheep_nondescript
D:5:      old_forge, nicolae_ru_sacrificial_ziggurat, minivault_4,
          evilmike_ruin_ashenzari, uniq_prince_ribbit1, uniq_sigmund,
          uniq_edmund
D:8:      minmay_bloctagon_deflated, lemuel_crystal_altar, basic_altar,
          enter_bailey_7, the_bakery
D:9:      david_lair_shrubbed, orc_0_dummy, fedhas_altar_1
D:10:     serial_shops, shop
D:11:     uniq_fannar, uniq_urug
D:12:     nrook_guardian_serpent_ordinary, uniq_nergalle
D:13:     erik_vaults_2, minmay_lindwurm_lava
Lair:1:   eino_small_chamber_without_monster
Lair:2:   dpeg_oklob_gauntlet, guppyfry_snake_entry_garden,
          portal_ice_cave_entry_imps, grunt_forest_large_clearings,
          grunt_megastairs_2, lemuel_fruit_tree
Lair:3:   uniq_sonja
Lair:4:   minmay_shoals_entry_lonely_mermaid
Orc:1:    uniq_gastronok
Orc:2:    grunt_orc_gardens, grunt_orc_garden, grunt_orc_garden,
          grunt_orc_garden, grunt_orc_garden, nicolae_orc_tapped_out,
          uniq_saint_roka

Skill      XL: |  1  2  3  4  5  6  7  8  9 10 11 12 13 14 |
---------------+-------------------------------------------+-----
Dodging        | 2 3 4 5 6 8 10 11 12 14 | 14.3
Short Blades   | 3 4 5 6 7 9 10 12 13 14 | 14.5
Stealth        | 6 7 8 10 11 12 13 14 | 14.9
Fighting       | 5 6 |  6.9
Shields        | 2 3 |  3.6
Invocations    | 2 |  2.1
Throwing       | |  2.0

Action                   |  1- 3 |  4- 6 |  7- 9 | 10-12 | 13-15 || total
-------------------------+-------+-------+-------+-------+-------++-------
Melee: Dagger            |    46 |    56 |   215 |  1047 |   585 ||  1949
       Constrict         |     8 |    14 |    35 |    96 |    69 ||   222
       Tentacles         |     4 |    14 |    55 |   272 |   250 ||   595
       Punch             |       |       |     1 |     9 |     9 ||    19
       Rapier            |       |       |       |    21 |   313 ||   334
 Fire: Blowgun           |       |       |     7 |       |       ||     7
Throw: Throwing net      |       |       |       |     1 |       ||     1
Invok: Heroism           |       |       |     1 |     9 |    16 ||    26
Evoke: Wand              |       |     2 |       |    11 |     3 ||    16
       Phantom mirror    |       |       |       |     1 |       ||     1
  Use: Scroll            |       |    14 |     6 |     5 |    12 ||    37
       Potion            |       |       |     5 |     3 |    10 ||    18
 Stab: Sleeping          |    18 |     8 |    20 |    49 |    33 ||   128
       Distracted        |       |       |     2 |     8 |       ||    10
       Held in net/web   |       |       |       |     1 |       ||     1
  Eat: Chunk             |     2 |     5 |     9 |    27 |     8 ||    51
       Pizza             |       |       |     1 |       |       ||     1
       Fruit             |       |       |       |    13 |    18 ||    31
Armor: Skin              |     3 |     5 |    10 |    23 |    13 ||    54
Dodge: Dodged            |    13 |    31 |   100 |   488 |   477 ||  1109
Block: Buckler           |       |       |       |       |    17 ||    17
